 Seeded DCSS version 0.30.1-11-g7821555f0a (webtiles) character file.

Game seed: 13658146873485719840 (custom seed)

16 strifetoe the Sneak (level 2, 13/13 HPs)
             Began as a Spriggan Enchanter on Nov 9, 2023.
             Got out of the dungeon alive.
             The game lasted 00:01:53 (795 turns).

strifetoe the Sneak (Spriggan Enchanter)             Turns: 795, Time: 00:01:54

Health: 13/13      AC:  2    Str:  4    XL:     2   Next: 37%
Magic:  6/6        EV: 17    Int: 16    God:
Gold:   40         SH:  0    Dex: 15    Spells: 6/6 levels left

rFire   . . .        a - +1 dagger
rCold   . . .        (no shield)
rNeg    . . .        b - +0 robe
rPois   .            (helmet restricted)
rElec   .            (no cloak)
rCorr   .            (gloves unavailable)
SInv    +            (boots unavailable)
Will    .....        (no amulet)
Stlth   +++          (no ring)
HPRegen 0.22/turn    (no ring)
MPRegen 0.10/turn

%: no passive effects
@: very quick
A: very small, no large weapons, unfitting armour, see invisible, speed 3
a: no special abilities


You escaped.
You visited 1 branch of the dungeon, and saw 1 of its levels.

You collected 40 gold pieces.

Inventory:

Hand Weapons
 a - a +1 dagger (weapon)
Armour
 b - a +0 robe (worn)
Jewellery
 g - a ring of flight
Scrolls
 d - a scroll of torment {unknown}
 e - a scroll of enchant weapon {unknown}
 j - a scroll of identify {unknown}
Potions
 c - 2 potions of invisibility
 f - a potion of lignification {unknown}
 h - 2 potions of might {unknown}
 i - a potion of curing {unknown}


   Skills:
 + Level 2.7 Short Blades
 - Level 2.6 Dodging
 - Level 4.4 Stealth
 - Level 2.6 Spellcasting
 - Level 3.6 Hexes


You had 6 spell levels left.
You didn't know any spells.
Your spell library contained the following spells:

 Spells                   Type           Power      Damage    Failure   Level
 Confusing Touch          Hex            13%        N/A       13%         3
 Tukima's Dance           Hex            13%        N/A       13%         3
 Ensorcelled Hibernation  Hex/Ice        14%        N/A       14%         2
 Sublimation of Blood     Necr           2%         N/A       28%         2
 Wereblood                Tmut           2%         N/A       28%         2
 Dazzling Flash           Conj/Hex       14%        N/A       28%         3
 Summon Hydra             Summ           1%         N/A       100%        7


Dungeon Overview and Level Annotations

Branches:
Dungeon (1/15)

Altars:

Shops:
D:1 (


Innate Abilities, Weirdness & Mutations

You are very small and have problems with some larger weapons.
You are too small for most types of armour.
You have supernaturally acute eyesight. (SInv)
You cover ground extremely quickly. (Speed+++)


Message History

No target in view!
No target in view!
No target in view!
You see here a +0 dagger.
A frilled lizard is nearby!
A frilled lizard is nearby!
A frilled lizard is nearby!
You see here a +0 dagger.
You closely miss the frilled lizard. Your punch misses the frilled lizard.
The frilled lizard closely misses you.
You hit the frilled lizard.
You kill the frilled lizard!
No target in view!
No target in view!
No target in view!
No target in view!
No target in view!
You see here a +0 dagger.
Found a club.
i - a cyan potion
j - a scroll labelled FOUHABBUDOI No target in view!
You see here a +0 club.
Key pressed, stopping explore.
Done exploring.
Done exploring.
No target in view!
Okay, then.
Okay, then.
Save game and exit?
Welcome back, strifetoe the Spriggan Enchanter.
Game seed: 13658146873485719840 (custom seed) Press ? for a list of commands and other information.
(D) Dungeon
Where to? (? - help)
Okay, then.
There is an open door here.
There is a staircase leading out of the dungeon here.
Are you sure you want to leave the Dungeon?
This will make you lose the game!
You have escaped!

#.....# #.# #.#.###.##. #.†...#
#.## #.#)#...... #.....#
##.###.#.#.#.#.. #######
#...##.#.#.#.#.. #..#.#...#.#.#..
##..#..#.#.#.... #..###.#..##...#
###'####.#.##†....
################@....##.........)
...............'.....##...#.^.∩..
################.(...##.###......
########....#....†
###############.#.##...#
##########>.....................#
...............##.#####..########
##########.###.##.# ##.## #.#
#....# #..#


There were no monsters in sight!

Vanquished Creatures
  A dart slug (D:1)
  An endoplasm (D:1)
  2 goblins (D:1)
  A hobgoblin (D:1)
  2 quokkas (D:1)
  A ball python (D:1)
  2 bats (D:1)
  2 frilled lizards (D:1)
  A kobold (D:1)
13 creatures vanquished.

Notes
Turn   | Place    | Note
-------+----------+-------------------------------------------
     0 | D:1      | strifetoe the Spriggan Enchanter began the quest for the
                  | Orb.
     0 | D:1      | Reached XP level 1. HP: 9/9 MP: 5/5
   187 | D:1      | Found Ixtaplue's Weapon Emporium.
   258 | D:1      | Reached XP level 2. HP: 12/13 MP: 6/6
   795 | D:$      | Got out of the dungeon alive.

Illustrated notes

Levels and vault maps discovered:
D:1:      elethiomel_arrival_fortress_basement, layout_basic, serial_shops,
          nicolae_shop_bloodbath_and_beyond

Skill      XL: |  1 |
---------------+----+-----
Short Blades   | 2 |  2.7
Dodging        | |  2.6
Stealth        | |  4.4
Spellcasting   | |  2.6
Hexes          | |  3.6

Action                     || total
---------------------------++-------
  Melee: Dagger            ||    38
   Stab: Sleeping          ||     5
 Armour: Robe              ||     5
  Dodge: Dodged            ||    28
